 Dungeon Crawl Stone Soup version 0.31-a0-833-gc15d34cb79 (webtiles) character file.

Game seed: 11456178030801265791

51 Aneyh the Caller (level 3, -4/19 HPs)
             Began as a Tengu Summoner on Sept 25, 2023.
             Killed from afar by Sigmund (9 damage)
             ... with a magic dart
             ... on level 2 of the Dungeon.
             The game lasted 00:02:29 (1175 turns).

Aneyh the Caller (Tengu Summoner)                   Turns: 1175, Time: 00:02:30

Health: -4/19      AC:  3    Str: 10    XL:     3   Next: 81%
Magic:  1/7        EV: 12    Int: 15    God:
Gold:   24         SH:  0    Dex: 14    Spells: 5/6 levels left

rFire   . . .        e - +2 mace (drain)
rCold   . . .        (no shield)
rNeg    . . .        a - +0 robe
rPois   .            (helmet restricted)
rElec   .            k - +0 cloak
rCorr   .            (no gloves)
SInv    .            (boots unavailable)
Will    .....        (no amulet)
Stlth   +            (no ring)
HPRegen 0.23/turn    (no ring)
MPRegen 0.10/turn

%: acrobat
@: confused
A: beak, talons 3, acrobatic
a: no special abilities


You were on level 2 of the Dungeon.
You visited 1 branch of the dungeon, and saw 2 of its levels.

You collected 24 gold pieces.

Inventory:

Hand Weapons
 c - a +0 short sword
 e - a +2 mace of draining (weapon)
Missiles
 h - 3 poisoned darts
Armour
 a - a +0 robe (worn)
 k - a +0 cloak (worn)
Scrolls
 d - a scroll of revelation {unknown}
 g - a scroll of torment {unknown}
 i - a scroll of identify {unknown}
 j - a scroll of teleportation {unknown}
 l - a scroll of vulnerability {unknown}
Potions
 b - a potion of magic
 f - a potion of brilliance {unknown}


   Skills:
 - Level 2.1 Dodging
 - Level 2.0 Stealth
 - Level 2.0 Spellcasting
 + Level 6.4 Summonings


You had 5 spell levels left.
You knew the following spells:

 Your Spells              Type           Power      Damage    Failure   Level
a - Summon Small Mammal   Summ           80%        N/A       1%          1

Your spell library contained the following spells:

 Spells                   Type           Power      Damage    Failure   Level
 Call Imp                 Summ           40%        N/A       2%          2
 Call Canine Familiar     Summ           20%        N/A       4%          3
 Summon Guardian Golem    Hex/Summ       11%        N/A       19%         3
 Magic Dart               Conj           4%         1d3       22%         1
 Searing Ray              Conj           2%         2d4       32%         2
 Summon Lightning Spire   Summ/Air       11%        N/A       52%         4
 Fulminant Prism          Conj/Hex       0%         3d5       91%         4


Dungeon Overview and Level Annotations

Branches:
Dungeon (2/15)

Altars:

Annotations:
D:2 Sigmund


Innate Abilities, Weirdness & Mutations

You have a beak for a mouth.
You have claws for feet.
You can magically evade attacks while moving or waiting.


Message History

Casting: Summon Small Mammal (safe; 1% risk of failure)
Confirm with . or Enter, or press ? or * to list all spells.
Your rat closely misses something.
Sigmund appears from thin air!
Reactivating autopickup.
Sigmund completely misses you.
Your rat bites Sigmund but does no damage.
You swap places.
Your rat closely misses Sigmund.
Sigmund closely misses your rat. What are your orders? t - Shout!
Orders for allies: a - Attack new target. p - Attack previous target. r - Retreat! s - Stop attacking. g - Guard the area. f - Follow me.
Anything else - Cancel.
Gang up on whom?
Press: ? - help, Dir - move target, f/p - hobgoblin
Aim: a hobgoblin (ally target) Attack!
The hobgoblin hits your rat.
Your rat dies!
Your rat's corpse disappears in a puff of smoke!
Your rat bites Sigmund but does no damage.
The hobgoblin hits your rat.
Your rat dies!
Your rat's corpse disappears in a puff of smoke!
Sigmund gestures at you while chanting. The puff of flame hits you!
* * * LOW HITPOINT WARNING * * *
You swap places.
Sigmund hits your rat with a +2 scythe of protection.
Your rat dies!
Your rat's corpse disappears in a puff of smoke!
Sigmund gestures at you while chanting.
You are confused.
You bump into the rock wall.
You bump into the rock wall.
Sigmund casts a spell at you. The magic dart hits you!
You die...
Sigmund begins carving another notch in his scythe.

#...).....#
##...†.....#
###..........#
#.>...#.....##
##.##.###...##
##[.##.# #####
..#######..###.#
#......#..###..#
#.<.####@##
######>..# #.###
##.# ###..#
#.@.## #g### #
###g# .# #...#


You could see Sigmund, a hobgoblin and a goblin.

Vanquished Creatures
  A worm (D:2)
  2 dart slugs (D:1)
  5 endoplasms
  A giant cockroach (D:1)
  4 goblins (D:1)
  3 hobgoblins (D:2)
  2 quokkas (D:1)
  5 ball pythons
  2 bats (D:1)
  A frilled lizard (D:1)
  4 kobolds
  5 rats (D:1)
35 creatures vanquished.

Vanquished Creatures (collateral kills)
  An orc (D:2)
  A ball python (D:1)
  An endoplasm (D:1)
  A quokka (D:1)
  A kobold (D:1)
5 creatures vanquished.

Grand Total: 40 creatures vanquished

Notes
Turn   | Place    | Note
-------+----------+-------------------------------------------
     0 | D:1      | Aneyh the Tengu Summoner began the quest for the Orb.
     0 | D:1      | Reached XP level 1. HP: 10/10 MP: 4/4
    50 | D:1      | Reached skill level 5 in Summonings
   468 | D:1      | Reached XP level 2. HP: 15/15 MP: 6/6
   705 | D:1      | Reached XP level 3. HP: 14/19 MP: 3/7
   707 | D:1      | Reached skill level 6 in Summonings
  1068 | D:2      | Found a faded altar of an unknown god.
  1123 | D:2      | Noticed Sigmund
  1175 | D:2      | Killed from afar by Sigmund

Illustrated notes

Levels and vault maps discovered:
D:1:      elethiomel_arrival_diamonds, layout_basic
D:2:      layout_rooms, chequers_ecumenical_altar_simple, uniq_sigmund

Skill      XL: |  1  2  3 |
---------------+----------+-----
Summonings     | 5 6 |  6.4
Dodging        | |  2.1
Stealth        | |  2.0
Spellcasting   | |  2.0

Action                     || total
---------------------------++-------
  Melee: Unarmed           ||    19
         Short sword       ||    14
         Kick              ||    16
         Peck              ||     8
         Mace              ||    40
         Punch             ||     1
   Cast: Summon Small Mamm ||    35
   Stab: Sleeping          ||     5
 Armour: Robe              ||    37
  Dodge: Dodged            ||    46

Table legend: (Time is in decaauts)
 A = Elapsed time spent in this place.
 B = Non-inter-level travel time spent in this place.
 C = Inter-level travel time spent in this place.
 D = Time resting spent in this place.
 E = Time spent auto-exploring this place.
 F = Levels seen in this place.
 G = Mean time per level.
                   A        B        C        D        E       F      G
               +--------+--------+--------+--------+--------+-----+--------+
         Total |   1189 |   1182 |      7 |    270 |    620 |   2 |  594.5 |
       Dungeon |   1189 |   1182 |      7 |    270 |    620 |   2 |  594.5 |
               +--------+--------+--------+--------+--------+-----+--------+

Top non-repeatable levels by time:
     D:1: 1069 daAuts
     D:2: 120 daAuts
